[Event "Grand Prix Romania 1st Stage 2024"]
[Site "Bucuresti"]
[Date "2024.03.24"]
[Round "5.36"]
[White "Sabarez, Iulian"]
[Black "Bulau, Andrei-Cristian"]
[Result "1/2-1/2"]
[ECO "B33"]
[WhiteElo "1945"]
[BlackElo "2142"]
[Annotator "RC"]
[PlyCount "156"]
[EventDate "2024.03.20"]
[EventType "swiss"]
[EventCountry "ROU"]
[SourceTitle "playchess.com"]
[Source "ChessBase"]
[SourceQuality "1"]
[TimeControl "900+5"]

1. e4 c5 2. Nf3 Nc6 3. d4 cxd4 4. Nxd4 Nf6 5. Nc3 e5 6. Ndb5 d6 7. Bg5 a6 8. Na3 b5 9. Nd5 Be7 10. Bxf6 Bxf6 11. c4 b4 12. Nc2 O-O 13. g3 Bg5 14. Bg2 Be6 15. O-O Rb8 16. Qd3 Qa5 17. b3 Bxd5 18. Qxd5 Qxd5 19. cxd5 Na5 20. Bh3 g6 21. Rae1 Rfe8 22. Re2 Re7 23. Ne1 Rc7 24. f4 Bf6 25. Nd3 exf4 26. gxf4 Bd4+ 27. Kg2 Rb5 28. e5 dxe5 29. d6 Rc3 30. d7 Nc6 31. Nxe5 Bxe5 32. fxe5 Rd3 33. e6 Rg5+ 34. Kh1 fxe6 35. Rxe6 Rc5 36. Bg2 Rxd7 37. Bxc6 Rd2 38. Bb7 Rcc2 39. Rxa6 Rxh2+ 40. Kg1 Kg7 41. Ra7 Kh6 42. Ra4 Rh4 43. Rf2 Rc1+ 44. Kg2 Rc7 45. Bf3 Rc5 46. Re2 Rg5+ 47. Kf2 Rf5 48. Re3 g5 49. Ra6+ Kg7 50. Re7+ Rf7 51. Rxf7+ Kxf7 52. Rb6 Rf4 53. Kg2 g4 54. Be2 h5 55. Bc4+ Ke7 56. Rxb4 Kf6 57. Rb5 h4 58. Rd5 Re4 59. Rd2 Kg5 60. a4 Re1 61. a5 h3+ 62. Kg3 Rg1+ 63. Kh2 Ra1 64. a6 Kh4 65. Rd4 Ra2+ 66. Kg1 Kg3 67. Rd3+ Kf4 68. Rd4+ Kg3 69. Rd3+ Kf4 70. Rd4+ Kg3 71. Bf1 h2+ 72. Kh1 Ra1 73. Rd3+ Kf2 74. Rd2+ Kxf1 75. Kxh2 Rxa6 76. Kg3 Ke1 77. Rd4 Ra3 78. Kxg4 Rxb3 1/2-1/2

[Event "Grand Prix Romania 1st Stage 2024"]
[Site "Bucuresti"]
[Date "2024.03.24"]
[Round "5.37"]
[White "Toma, Radu-Cristian"]
[Black "Tanasie, Cosmin"]
[Result "1-0"]
[ECO "A43"]
[WhiteElo "2386"]
[BlackElo "2009"]
[Annotator "RC"]
[PlyCount "102"]
[EventDate "2024.03.20"]
[EventType "swiss"]
[EventCountry "ROU"]
[SourceTitle "playchess.com"]
[Source "ChessBase"]
[SourceQuality "1"]
[TimeControl "900+5"]

1. d4 c5 2. dxc5 Qa5+ 3. Nd2 Qxc5 4. a3 g6 5. b4 Qc7 6. Bb2 Nf6 7. Ngf3 Bg7 8. e3 d6 9. Be2 O-O 10. O-O a5 11. c4 Na6 12. Qb3 Be6 13. Nd4 Qb6 14. Nxe6 fxe6 15. c5 dxc5 16. b5 Nc7 17. Nc4 Qxb5 18. Qxb5 Nxb5 19. Nb6 Ra6 20. Na4 Nc7 21. Nxc5 Rc6 22. Rac1 b6 23. Na4 Rxc1 24. Rxc1 Ncd5 25. Rc6 b5 26. Nc5 b4 27. Nxe6 Rb8 28. a4 Nc3 29. Bc4 Kh8 30. Bb3 Nfe4 31. Nxg7 Kxg7 32. Re6 Nd2 33. Rxe7+ Kf8 34. Rf7+ Ke8 35. Rxh7 Rb6 36. Bxc3 bxc3 37. Bc2 Rb2 38. Bxg6+ Kd8 39. h4 Rb6 40. Rh8+ Kc7 41. Bf5 Rf6 42. Bg4 Rc6 43. Rc8+ Kb7 44. Rxc6 Kxc6 45. Bd1 Ne4 46. Kf1 Nc5 47. h5 Ne6 48. h6 Nf8 49. Bc2 Kc5 50. Ke2 Kc4 51. g4 Kd5 1-0

[Event "Grand Prix Romania 1st Stage 2024"]
[Site "Bucuresti"]
[Date "2024.03.24"]
[Round "5.38"]
[White "Manea, Alexandru"]
[Black "Veneteanu, Mihai"]
[Result "1/2-1/2"]
[ECO "A28"]
[WhiteElo "2287"]
[BlackElo "2026"]
[Annotator "RC"]
[PlyCount "65"]
[EventDate "2024.03.20"]
[EventType "swiss"]
[EventCountry "ROU"]
[SourceTitle "playchess.com"]
[Source "ChessBase"]
[SourceQuality "1"]
[TimeControl "900+5"]

1. c4 e5 2. e3 Nf6 3. Nc3 Bb4 4. Qc2 Nc6 5. Nf3 O-O 6. Be2 d5 7. cxd5 Nxd5 8. O-O Be6 9. a3 Be7 10. b4 a6 11. Bb2 f6 12. Na4 Qd7 13. Rfd1 Rfd8 14. d4 exd4 15. Nxd4 Nxd4 16. Rxd4 Qe8 17. Bd3 Qh5 18. Nc5 Bxc5 19. Qxc5 c6 20. Rc1 Rd7 21. g3 Qf3 22. Be4 Qe2 23. Qc2 Qxc2 24. Rxc2 Rad8 25. Rcd2 Nc7 26. Bc2 Rxd4 27. Rxd4 Rxd4 28. Bxd4 Nb5 29. Bb2 Nd6 30. f3 Nc4 31. Bd4 Nxa3 32. Bd3 Nb5 33. Bxb5 1/2-1/2

[Event "Grand Prix Romania 1st Stage 2024"]
[Site "Bucuresti"]
[Date "2024.03.24"]
[Round "5.39"]
[White "Cosma, Ioan"]
[Black "Capata, Ion"]
[Result "1-0"]
[ECO "D13"]
[WhiteElo "2316"]
[BlackElo "2038"]
[Annotator "RC"]
[PlyCount "94"]
[EventDate "2024.03.20"]
[EventType "swiss"]
[EventCountry "ROU"]
[SourceTitle "playchess.com"]
[Source "ChessBase"]
[SourceQuality "1"]
[TimeControl "900+5"]

1. d4 d5 2. c4 c6 3. cxd5 cxd5 4. Nc3 Nf6 5. Nf3 e6 6. Bf4 Bd6 7. Bg3 Bxg3 8. hxg3 Nc6 9. e3 O-O 10. Bd3 h6 11. Rc1 Re8 12. Ne5 Nxe5 13. dxe5 Nd7 14. f4 f5 15. Nb5 Rb8 16. Nd6 Rf8 17. O-O Qb6 18. Qd2 Nc5 19. Bb1 Ne4 20. Bxe4 dxe4 21. Qd4 Qxd4 22. exd4 Bd7 23. Rc7 Bc6 24. Kf2 Rfd8 25. Rc1 Kf8 26. Ke3 a6 27. b3 Kg8 28. a4 Kh7 29. Re7 Rd7 30. Rxd7 Bxd7 31. Rc7 Bc6 32. b4 Bd5 33. Nc8 Bb3 34. Nb6 Kg6 35. Nd7 Rg8 36. Nc5 Bd5 37. a5 Kh5 38. Re7 Kg4 39. Nxe6 g5 40. Nc7 Bc4 41. d5 Kxg3 42. fxg5 hxg5 43. d6 Kxg2 44. d7 f4+ 45. Kxe4 f3 46. Re8 f2 47. d8=Q f1=Q 1-0

[Event "Grand Prix Romania 1st Stage 2024"]
[Site "Bucuresti"]
[Date "2024.03.24"]
[Round "6.1"]
[White "Bologan, Victor"]
[Black "Sarana, Alexey"]
[Result "0-1"]
[ECO "B55"]
[WhiteElo "2594"]
[BlackElo "2699"]
[Annotator "TA"]
[PlyCount "80"]
[EventDate "2024.03.20"]
[EventType "swiss"]
[EventCountry "ROU"]
[SourceTitle "playchess.com"]
[Source "ChessBase"]
[SourceQuality "1"]
[TimeControl "900+5"]

1. e4 c5 2. Nf3 d6 3. d4 cxd4 4. Nxd4 Nf6 5. Bd3 g6 6. c4 Bg7 7. Nc3 Nc6 8. Nde2 {[%emt 0:00:03] The position is equal.} Qc7 9. O-O Ne5 10. b3 a6 11. a4 O-O 12. h3 Rd8 13. Be3 b6 14. Rc1 Nxd3 15. Qxd3 e6 {[%emt 0:00:03] Repels Nd5} 16. Rfd1 Bb7 17. Bd4 Rab8 18. f3 Ba8 19. Qd2 Qe7 20. Qb2 Bh6 21. Rc2 Nh5 22. g4 ({White should play} 22. Bf2 $11) 22... Nf4 (22... Ng7 $1 $15) 23. Nxf4 $11 Bxf4 24. Ne2 Bg5 25. Ng3 e5 26. Bf2 b5 27. axb5 (27. cxb5 $5 axb5 28. a5 $15) 27... axb5 28. c5 dxc5 (28... Qf6 $1 $15 29. Kg2 dxc5 30. Rxd8+ Rxd8 31. Rxc5 Rd3) 29. Rxd8+ Rxd8 30. Rxc5 Qf6 $36 {[%emt 0:02:26][%mdl 2048] Black is more active.} 31. Qxe5 $2 {[%emt 0:00:27] [#] White does not recover from this.} (31. Qe2 $11) 31... Qxf3 $1 $19 32. Qxg5 (32. Rc3 {was the only chance.} Rd1+ 33. Nf1 Qxe4 34. Rc8+ Rd8 35. Rxd8+ Bxd8 36. Qxe4 Bxe4 37. b4) 32... Rd1+ 33. Nf1 Bxe4 34. Rc8+ (34. Rxb5 $2 Qh1#) 34... Kg7 35. Qe5+ (35. Qxb5 $2 Qh1#) (35. Bd4+ $19 Rxd4 36. Qe5+ Kh6 (36... Qf6 $2 37. Rg8+ Kxg8 38. Qxf6 $18) 37. Qg3 (37. g5+ $2 Kh5 $19)) 35... Kh6 {[%emt 0:00:02][%csl Ge4][%cal Rf3g2] Black mates.} 36. Qh2 {[%emt 0:02:05] [#]} Rxf1+ $1 37. Kxf1 {[%emt 0:00:05] [#]} Bd3+ $1 38. Kg1 Qd1+ 39. Be1 Qxe1+ 40. Kg2 Be4# {[%emt 0:00:01] Weighted Error Value: White=0.41/Black=0.09 (flawless) .  Mistake:       	White=4     	Black=2      Inaccurate:     	White=4     	Black=2      OK:         	White=6     	Black=8      Best:        	White=4     	Black=4      Strong:       	---       	Black=1} 0-1

[Event "Grand Prix Romania 1st Stage 2024"]
[Site "Bucuresti"]
[Date "2024.03.24"]
[Round "6.2"]
[White "Kozak, Adam"]
[Black "Safarli, Eltaj"]
[Result "1-0"]
[ECO "C50"]
[WhiteElo "2607"]
[BlackElo "2614"]
[Annotator "TA"]
[PlyCount "51"]
[EventDate "2024.03.20"]
[EventType "swiss"]
[EventCountry "ROU"]
[SourceTitle "playchess.com"]
[Source "ChessBase"]
[SourceQuality "1"]
[TimeControl "900+5"]

1. e4 e5 2. Nf3 Nc6 3. Bc4 Bc5 4. a4 Nf6 5. d3 h6 6. a5 O-O 7. O-O d6 8. h3 {[%emt 0:01:03] Die Stellung ist ausgeglichen.} a6 9. c3 Be6 10. Bxe6 fxe6 11. b4 Ba7 12. Be3 Bxe3 13. fxe3 b6 14. axb6 cxb6 15. Nbd2 b5 16. d4 a5 17. Qb3 Re8 18. bxa5 Rxa5 19. Rxa5 Qxa5 20. Rb1 Kh7 (20... d5 {vereinfacht} 21. Nxe5 Nxe5 22. dxe5 Nxe4 23. Nxe4 dxe4 24. Qxb5 Qxb5 25. Rxb5 Rc8) 21. Kh2 d5 22. Qxb5 Qxc3 23. Rb3 Qc1 (23... Qc2 $11) 24. Qd3 $16 ({Ein No Go ist} 24. dxe5 $6 Nxe4 25. Nxe4 dxe4 $11) 24... Kh8 $2 {[%emt 0:00:57][%mdl 8192] [#]} (24... Qd1 $16) 25. Rb1 $18 ({Nicht} 25. Nxe5 Nxe5 26. dxe5 Nd7 $14) (25. dxe5 Nd7 $14) 25... dxe4 26. Nxe4 {[%emt 0:00:13] Gewichteter Fehlerwert: Weiß=0.04 (makellos) /Schwarz=0.42.  Verlustzug:     	---       	Schwarz=1     Fehler:       	---       	Schwarz=1     OK:         	Weiß=8     	Schwarz=8     Bester:       	Weiß=2     	---} 1-0

[Event "Grand Prix Romania 1st Stage 2024"]
[Site "Bucuresti"]
[Date "2024.03.24"]
[Round "6.3"]
[White "Sargsyan, Shant"]
[Black "Zajic, Milan"]
[Result "1-0"]
[ECO "C54"]
[WhiteElo "2637"]
[BlackElo "2436"]
[Annotator "TA"]
[PlyCount "105"]
[EventDate "2024.03.20"]
[EventType "swiss"]
[EventCountry "ROU"]
[SourceTitle "playchess.com"]
[Source "ChessBase"]
[SourceQuality "1"]
[TimeControl "900+5"]

1. e4 e5 2. Nf3 Nc6 3. Bc4 Nf6 4. d3 Bc5 5. Bg5 h6 6. Bh4 a6 7. c3 d6 8. Nbd2 {[%emt 0:00:08] C54: Giuoco Piano: 4 c3 Nf6, main lines with 5 d4 and 5 d3.} Ba7 9. O-O g5 {[%emt 0:01:54] 9...Qe7 is the hot move.} 10. Bg3 O-O 11. a4 {[%emt 0:00:41] 11.Bb3 is not played anymore.} Bg4 (11... Nh7 $11 {deserves consideration.}) 12. h3 $14 Bd7 13. b4 Nh5 14. Kh1 $146 (14. Bh2 $5) ({Predecessor:} 14. Bh2 Nf4 15. Bxf4 gxf4 16. Kh2 Qf6 17. Qe2 Kh7 18. Rg1 Rg8 19. Nf1 Rg7 20. g4 {0-1 Duessler,S-Petkidis,A GER-chT Nord-West U20 2006 (1.5)}) 14... Nf4 (14... Kg7 $11) 15. b5 (15. Bxf4 $14 gxf4 16. Qe2) 15... Na5 $11 16. Bxf4 gxf4 17. Bd5 c6 18. bxc6 bxc6 19. Ba2 Kh7 20. d4 Qf6 21. dxe5 (21. Nc4 $16 Nxc4 22. Bxc4) 21... dxe5 $11 22. Nc4 Nxc4 23. Qxd7 Nb6 $1 24. Qc7 Nxa4 25. Qxe5 Qxe5 26. Nxe5 Nxc3 27. Bxf7 (27. Nxf7 $2 Nxa2 (27... Nxe4 28. Bb1 $14) 28. Nd6 Nb4 $19) 27... Kg7 28. Bg6 Bb8 (28... Nb5 $11 29. Rac1 (29. Rxa6 Bd4 $17) 29... Bd4) 29. Nd7 $16 (29. Nxc6 $2 Kxg6 30. e5 Re8 $19) 29... Rd8 30. Bf5 Ra7 $2 (30... Bd6 $16) 31. Rac1 Ne2 {[%emt 0:00:10] [#]} (31... Rdxd7 $142 32. Bxd7 (32. Rxc3 Rd6 $16) 32... Be5) 32. Nxb8 $1 $18 (32. Rxc6 $6 Rdxd7 33. Bxd7 Rxd7 $14) (32. Rb1 $6 Bc7) 32... Rxb8 (32... Nxc1 $2 {is the wrong capture.} 33. Nxc6 Rd2 34. Nxa7 $18) 33. Rxc6 Nd4 34. Rg6+ Kf7 35. Rxh6 Nxf5 36. exf5 Re7 $2 (36... Kg7 37. Rg6+ Kf7) 37. Rxa6 $18 Rb5 38. Re6 Rd7 39. Re4 ({Inferior is} 39. g4 fxg3 40. f4 (40. fxg3 Rd2 $11) 40... Rd3 $11) 39... Rxf5 40. Kh2 Rd2 41. h4 Kg6 (41... Kg7 {was worth a try.} 42. Re7+ Kh6) 42. Kh3 $18 Kh5 43. f3 Rd6 44. Re8 Rff6 45. Rfe1 Rd5 (45... Rd7 $18 46. R1e7 Rfd6 47. Rxd7 Rxd7) 46. R1e5+ Rxe5 47. Rxe5+ Kg6 48. Kg4 Rf8 49. Rg5+ Kh6 50. Rf5 Rg8+ {[%emt 0:00:01] [#]} 51. Kh3 $1 Rg3+ 52. Kh2 Rg7 53. Rxf4 1-0

[Event "Grand Prix Romania 1st Stage 2024"]
[Site "Bucuresti"]
[Date "2024.03.24"]
[Round "6.4"]
[White "Motylev, Alexander"]
[Black "Secheres, Adrian-Simion"]
[Result "1-0"]
[ECO "B08"]
[WhiteElo "2611"]
[BlackElo "2371"]
[Annotator "TA"]
[PlyCount "43"]
[EventDate "2024.03.20"]
[EventType "swiss"]
[EventCountry "ROU"]
[SourceTitle "playchess.com"]
[Source "ChessBase"]
[SourceQuality "1"]
[TimeControl "900+5"]

1. e4 Nc6 2. Nf3 d6 3. d4 Nf6 4. Nc3 g6 5. d5 Nb8 6. h3 Bg7 7. Bc4 O-O 8. O-O c6 9. a4 Qc7 10. Qe2 Nbd7 11. Re1 Nc5 {[%emt 0:02:41] [#]} (11... a6 $14) 12. dxc6 (12. e5 $1 $16 dxe5 13. dxc6 (13. Qxe5 Qxe5 14. Rxe5 Nxd5 $11) (13. Nxe5 cxd5 14. Nxd5 Nxd5 $11)) 12... bxc6 $14 13. e5 dxe5 (13... Ne8 $14) 14. Qxe5 $16 Qxe5 15. Nxe5 Bb7 16. a5 a6 17. Bg5 (17. Be3 $18 Nce4 18. Na4) 17... Rad8 18. Ra3 {[%emt 0:01:41] aiming for b4. White has more active pieces.} Ncd7 $2 {[%emt 0:03:11] [#] A mistake that costs the game.} (18... e6 $16 19. Bf1 Rb8) 19. Nxf7 $18 {[%emt 0:00:57] White has a decisive advantage.} Rxf7 20. Rxe7 Rdf8 21. Bxf6 ({Less strong is} 21. Bxf7+ Rxf7 22. Re2 Nc5 $16) 21... Nxf6 22. Rxb7 {[%emt 0:00:12] Weighted Error Value: White=0.12 (very precise) /Black=0.36.  Loses game:     	---       	Black=1      Mistake:       	White=2     	Black=2      Inaccurate:     	---       	Black=1      OK:         	White=2     	Black=1      Best:        	White=3     	Black=1} 1-0

[Event "Grand Prix Romania 1st Stage 2024"]
[Site "Bucuresti"]
[Date "2024.03.24"]
[Round "6.5"]
[White "Ponomariov, Ruslan"]
[Black "Istratescu, Andrei"]
[Result "1/2-1/2"]
[ECO "D40"]
[WhiteElo "2646"]
[BlackElo "2374"]
[Annotator "TA"]
[PlyCount "101"]
[EventDate "2024.03.20"]
[EventType "swiss"]
[EventCountry "ROU"]
[SourceTitle "playchess.com"]
[Source "ChessBase"]
[SourceQuality "1"]
[TimeControl "900+5"]

1. Nf3 Nf6 2. c4 e6 3. Nc3 d5 4. d4 c5 5. e3 Nc6 6. a3 a6 7. dxc5 Bxc5 8. b4 Ba7 9. Bb2 O-O 10. Qc2 dxc4 (10... Bd7 $11 {feels stronger.}) 11. Bxc4 $14 Qe7 12. Ne4 (12. Rd1 $14) 12... Nxe4 $11 13. Qxe4 Bd7 ({Better is} 13... Nxb4 $1 $11 14. O-O Nc6) 14. O-O $14 {[%emt 0:00:16] White is much more active.} Rad8 15. Rac1 Bb8 16. Rfd1 Kh8 17. Qc2 Rc8 $2 (17... e5 $11 {and Black is okay.}) 18. Qc3 $2 (18. Ng5 Qxg5 19. Rxd7 Bxh2+ (19... Ne5 20. f4 $16) 20. Kxh2 Ne5 21. Bxe5 (21. Rxb7 Rxc4 22. Qxc4 Qh5+ 23. Kg3 Nxc4 $19) 21... Qxe5+ 22. Kg1 b5 $14) ({White has to play} 18. Rxd7 $1 $18 Qxd7 19. Ng5) 18... f6 19. Qb3 e5 20. e4 Bg4 21. h3 Bxf3 22. Qxf3 Ba7 23. Bd5 Bd4 24. Bc3 Bxc3 25. Qxc3 {[%emt 0:00:00] Black is weak on the light squares} (25. Rxc3 $2 Nd4 26. Rxd4 exd4 27. Rxc8 Rxc8 $19) 25... Na7 26. Qe3 Nb5 27. Qb6 (27. Rxc8 $11 {remains equal.} Rxc8 28. Kh2) 27... Nc3 $17 28. Qxb7 (28. Re1 $2 Ne2+ 29. Rxe2 Rxc1+ 30. Kh2 Rb8 $19) (28. Rxc3 $17 Rxc3 29. Bxb7 Rxa3 (29... Rb8 30. Qa7 $11) 30. Bxa6) 28... Qxb7 $19 (28... Ne2+ 29. Kf1 Qxb7 (29... Rxc1 $2 30. Qxe7 $18) 30. Bxb7 Nxc1 31. Bxc8 Rxc8 32. Rd6) 29. Bxb7 Ne2+ 30. Kf1 Nxc1 31. Bxc8 Rxc8 {[%mdl 4096] Endgame. KRN-KR} 32. Rd6 {[%emt 0:00:00] [#]} a5 33. bxa5 h5 34. a6 Nb3 (34... Ra8 $17 35. Rc6 Nb3) 35. a7 {[%emt 0:00:00] Hoping for Rb6.} Nd4 36. Ke1 {[%emt 0:00:00] [#]} (36. f4 $1 $15 Nb5 37. Ra6) 36... Ra8 $1 $17 37. Ra6 Nb5 ({Black should play} 37... Kg8 $17 {And now ...Kf8 would win.} 38. Kd2 Kf7 (38... Nb5 39. a4 $17)) 38. a4 {[%emt 0:00:00] [#]} (38. Rb6 $1 $15 Nxa7 (38... Nxa3 $2 {loses.} 39. Rb8+ Kh7 40. Rxa8 $18) 39. Ra6) 38... Nxa7 ({Black should try} 38... Nc7 $1 $17 39. Ra5 Kg8) 39. Ke2 $11 Kg8 40. Ke3 Kf7 41. f4 exf4+ 42. Kxf4 {[%emt 0:00:00] The position is equal.} g6 43. h4 Kg7 44. g4 hxg4 45. Kxg4 f5+ 46. exf5 gxf5+ 47. Kxf5 Rf8+ 48. Kg5 Rf7 49. Rg6+ Kh7 50. Rh6+ Kg7 51. Rg6+ {[%emt 0:00:02] Whites escaped into a draw.   Weighted Error Value: White=0.29 (precise) /Black=0.25 (precise) .  Loses game:     	---       	Black=1      Missed win:     	White=1     	---        Mistake:       	White=5     	Black=4      Inaccurate:     	White=1     	Black=1      OK:         	White=13    	Black=13     Best:        	White=2     	Black=3      Strong:       	---       	Black=1} 1/2-1/2

[Event "Grand Prix Romania 1st Stage 2024"]
[Site "Bucuresti"]
[Date "2024.03.24"]
[Round "6.6"]
[White "Jianu, Vlad-Cristian"]
[Black "Mamedov, Rauf"]
[Result "0-1"]
[ECO "D34"]
[WhiteElo "2491"]
[BlackElo "2651"]
[Annotator "TA"]
[PlyCount "60"]
[EventDate "2024.03.20"]
[EventType "swiss"]
[EventCountry "ROU"]
[SourceTitle "playchess.com"]
[Source "ChessBase"]
[SourceQuality "1"]
[TimeControl "900+5"]

1. d4 d5 2. Nf3 c5 3. c4 e6 4. cxd5 exd5 5. g3 Nc6 6. Bg2 Nf6 7. O-O Be7 8. dxc5 Bxc5 9. Nc3 O-O 10. Na4 Be7 11. Be3 Bg4 12. Rc1 Re8 13. h3 Bh5 14. Nc5 Bxc5 15. Bxc5 Ne4 {[%emt 0:00:34] White has an edge.} 16. Ba3 Qb6 17. g4 (17. Qxd5 Nxg3 18. Bc5 Nxe2+ (18... Qxb2 $2 19. fxg3 Bg6 20. Nh4 $18) 19. Kh1 Bxf3 (19... Qxb2 20. Qxh5 g6 21. Qh6 $18) 20. Qxf3 Qxb2 $15) 17... Bg6 18. e3 Rad8 19. Qa4 h5 20. Qb3 Qa6 21. Rfd1 (21. Qd1 $15) 21... hxg4 22. hxg4 Na5 $1 {[%emt 0:01:59] Excellent horsemanship.} (22... Qe2 23. Qc2 Qa6 24. Bf1) 23. Qa4 {[%emt 0:00:44][%cal Od1d5] Threatens to win with Rxd5!} b5 $1 24. Qd4 {[%emt 0:00:23] This move loses the game for White.} (24. Qc2 $17) 24... Nc6 $1 $19 25. Rxc6 ({Avoid the trap} 25. Qd3 $2 Nxf2 26. Qd2 Nxd1 27. Rxd1 Qb6 $19) 25... Qxc6 26. Qxa7 $2 (26. Bb4) 26... Ra8 (26... Qc8 $142 27. Rf1 Qxg4) 27. Qd4 {[%emt 0:00:03] [#]} Ra4 $1 28. Qxd5 (28. Bb4 {was the only defense.} Qc2 (28... Rxa2 $2 29. Ba3 $19) 29. Rf1 Rxa2 30. Ba3) 28... Qxd5 (28... Qc2 29. Rf1 b4 30. Nd4 $19) 29. Rxd5 b4 30. Rd4 {[%emt 0:02:19] [#]} Rb8 $1 {[%emt 0:00:02] Weighted Error Value: White=0.46/Black=0.12 (very precise) .  Mistake:       	White=4     	Black=1      Inaccurate:     	White=1     	---        OK:         	White=5     	Black=5      Best:        	White=1     	---        Strong:       	---       	Black=5} (30... bxa3 31. Rxa4 axb2 32. Rb4 Nxf2 33. Rxb2 Nxg4 34. Ng5 $19) 0-1

[Event "Grand Prix Romania 1st Stage 2024"]
[Site "Bucuresti"]
[Date "2024.03.24"]
[Round "6.7"]
[White "Bulmaga, Irina"]
[Black "Chigaev, Maksim"]
[Result "0-1"]
[ECO "C45"]
[WhiteElo "2429"]
[BlackElo "2617"]
[Annotator "TA"]
[PlyCount "74"]
[EventDate "2024.03.20"]
[EventType "swiss"]
[EventCountry "ROU"]
[SourceTitle "playchess.com"]
[Source "ChessBase"]
[SourceQuality "1"]
[TimeControl "900+5"]

1. e4 e5 2. Nf3 Nc6 3. d4 exd4 4. Nxd4 Qf6 5. Be3 Bc5 6. c3 Nge7 7. Bc4 b6 8. O-O Bb7 9. Qd2 ({White should try} 9. f4 $14) 9... Ne5 $11 10. Be2 {[%emt 0:00:31] Threatens to win with b4.} Bxe4 11. b4 {[%emt 0:00:26] The position is equal.} Bxd4 (11... Bd6 $1 $11) 12. cxd4 $14 N5g6 13. Nc3 {[%emt 0:01:13][%mdl 1024] White has compensation.} Bb7 14. Bg5 Qf5 (14... Qc6 $1 $14 15. Bf3 d5) 15. g4 Qe6 16. Rfe1 $2 (16. f4 $16 {f5 would now be deadly.} f6 17. f5) 16... f6 $40 {[%emt 0:01:08][%mdl 128] Black is up to no good.} 17. Bf3 $1 Bxf3 18. Rxe6 dxe6 19. Bf4 Bxg4 20. Bxc7 O-O 21. Bg3 (21. d5 $11) 21... Rfd8 22. Qe3 Rac8 23. Nb5 Nd5 24. Qe4 Bf5 25. Qf3 Rc6 $1 {[%emt 0:00:45] ...a6 is the strong threat.} (25... Nxb4 26. Nd6 Rc6 (26... Nh4 $2 27. Qb7 $18) 27. Nxf5 exf5 28. Re1 $11) 26. Qa3 {[%emt 0:01:31] White is weak on the light squares} h5 {[%emt 0:00:26] Black is more active.} ({Black should play} 26... Ngf4 $1 {aiming for ...Bd3.} 27. Bxf4 Nxf4 28. Qxa7 Bh3) 27. Qxa7 $2 (27. h4 $17 {was the only defense.}) 27... h4 $1 $19 (27... Nxb4 28. Nd6 $11) 28. Qb7 Rdc8 {[%emt 0:00:15] Hoping for ...Rc1+.} (28... Nxb4 29. Bd6 (29. Bc7 $2 Rd5 $19) 29... Rc4 30. Bxb4 Rxb4 31. Nd6 Rxd4 32. Nxf5 exf5 33. Qxb6 $11) 29. Nd6 (29. Rf1 $19 hxg3 30. hxg3) 29... hxg3 $2 (29... R6c7 30. Qxc8+ Rxc8 31. Nxc8 $15) (29... Rc1+ $1 {mates} 30. Rxc1 Rxc1+ 31. Kg2 Ndf4+ (31... hxg3 32. hxg3 Nge7 33. a4 $15) 32. Bxf4 Nxf4+ 33. Kf3 Rc3+ 34. Kxf4 g5#) 30. Nxc8 $4 {[%emt 0:00:07][%mdl 8192] [#]} (30. hxg3 $17 R6c7 (30... Rxd6 31. Qxc8+ Kf7 32. Rc1 $11) (30... R8c7 31. Qa8+ Kh7 32. Nxf5 $17) 31. Qxc8+ Rxc8 32. Nxc8) 30... gxf2+ $1 31. Kxf2 {[%emt 0:00:09] [#]} Rc2+ 32. Ke1 $2 (32. Kg1 Nh4 33. Ne7+ (33. Nxb6 $2 {leads to mate.} Nf3+ 34. Kh1 Rxh2#) 33... Nxe7 34. a4) 32... Bg4 {[%emt 0:00:43] ( -> ...Ne3)} 33. Nd6 {[%emt 0:00:10] Black must now prevent Qf7+.} Ne3 {[%emt 0:00:12][%csl Gg4][%cal Rc2e2] A dynamic duo of knights.} 34. Qa8+ Kh7 {[%emt 0:00:02][%csl Gg4][%cal Rc2e2] Black mates.} 35. Qa6 Nf4 36. Qf1 Nxf1 37. Kxf1 Rxh2 {[%emt 0:00:03] Weighted Error Value: White=1.06/Black=0.19 (very precise) .  Loses game:     	White=2     	---        Missed win:     	---       	Black=1      Mistake:       	White=4     	Black=3      Inaccurate:     	White=4     	Black=1      OK:         	White=6     	Black=12     Best:        	White=2     	Black=4      Strong:       	White=1     	Black=1} (37... Bh3+ $142 38. Kg1 Rg2+ 39. Kh1 Nd3 40. Ne4 f5 (40... Nxb4 $2 41. a4 $19) 41. Rg1 Rxg1+ (41... Rxa2 $2 42. Ng5+ Kg6 43. Nxh3+ Kf6 44. Rg3 $19) 42. Kxg1 fxe4 43. b5 e3 44. a3 e2 45. Kh1 e1=Q#) 0-1

[Event "Grand Prix Romania 1st Stage 2024"]
[Site "Bucuresti"]
[Date "2024.03.24"]
[Round "6.8"]
[White "Rozen, Eytan"]
[Black "Lupulescu, Constantin"]
[Result "1/2-1/2"]
[ECO "D02"]
[WhiteElo "2487"]
[BlackElo "2579"]
[Annotator "TA"]
[PlyCount "58"]
[EventDate "2024.03.20"]
[EventType "swiss"]
[EventCountry "ROU"]
[SourceTitle "playchess.com"]
[Source "ChessBase"]
[SourceQuality "1"]
[TimeControl "900+5"]

1. d4 Nf6 2. Nf3 d5 3. c3 Bf5 4. Bf4 e6 5. e3 Nbd7 6. Bd3 Bxd3 7. Qxd3 c5 8. Nbd2 Be7 9. O-O O-O 10. h3 Qb6 11. a4 a6 (11... Qxb2 12. Rfb1 c4 13. Rxb2 $18) 12. Rfb1 Bd6 13. b4 c4 14. Qc2 Qc7 15. Bxd6 Qxd6 16. a5 e5 17. dxe5 Nxe5 18. Nxe5 Qxe5 19. b5 Ne4 (19... Qc7 $11) 20. Nxe4 dxe4 21. bxa6 bxa6 22. Rb4 Rfc8 23. Raa4 (23. Rd1 $16) 23... Qd5 $11 24. Qe2 Qd3 25. Qxd3 cxd3 {[%emt 0:00:17] Die Stellung ist ausgeglichen.} 26. Rxe4 Rxc3 (26... d2 $5 27. Red4 $8 Rd8 $14) 27. Rad4 g6 28. Re5 Rb8 29. Red5 Rb5 {[%emt 0:00:23] Gewichteter Fehlerwert: Weiß=0.08 (makellos) /Schwarz=0.12 (sehr präzise) .  Fehler:       	Weiß=1     	Schwarz=1     Ungenau:       	Weiß=1     	---        OK:         	Weiß=8     	Schwarz=4     Bester:       	Weiß=1     	Schwarz=1} 1/2-1/2